 Dungeon Crawl Stone Soup version 0.17.0-28-g6e173f8 (webtiles) character file.

2469 Peloso the Protected (level 9, 0/79 HPs)
             Began as a Minotaur Fighter on Nov 29, 2015.
             Was a Priest of Okawaru.
             Slain by an unseen horror (2 damage)
             ... on level 8 of the Dungeon.
             The game lasted 00:21:36 (6731 turns).

Peloso the Protected (Minotaur Fighter)             Turns: 6731, Time: 00:21:36

Health: 0/79       AC: 21    Str: 28    XL:     9   Next: 26%
Magic:  8/8        EV:  8    Int:  5    God:    Okawaru [***...]
Gold:   17         SH: 12    Dex: 14    Spells: 0 memorised, 8 levels left

rFire  . . .     SeeInvis .     a - +1 long sword
rCold  . . .     Clarity  .     t - +0 plate armour
rNeg   . . .     SustAt   .     c - +0 shield
rPois  +         Gourm    .     (helmet restricted)
rElec  .         Spirit   .     A - +1 cloak
rCorr  .         Warding  .     K - +0 pair of gloves {Dex+3}
rMut   .         Stasis   .     J - +2 pair of boots {Fly}
MR     .....                    (no amulet)
Stlth  ..........               (no ring)
                                B - ring of poison resistance

@: mighty, flying, very slightly contaminated, hasted, very quick, not resistant
to hostile enchantments, extremely unstealthy
A: retaliatory headbutt, horns 2
a: Heroism, Renounce Religion, Stop Flying


You were on level 8 of the Dungeon.
You worshipped Okawaru.
Okawaru was most pleased with you.
You were hungry.

You visited 1 branch of the dungeon, and saw 8 of its levels.

You collected 445 gold pieces.
You spent 428 gold pieces at shops.

Inventory:

Hand Weapons
 a - a +1 long sword (weapon)
Armour
 b - a +0 scale mail
 c - a +0 shield (worn)
 o - a +0 chain mail
 t - a +0 plate armour (worn)
 A - a +1 cloak (worn)
 H - a +1 buckler of protection
 J - a +2 pair of boots of flying (worn)
 K - a +0 pair of gloves of dexterity (worn)
Jewellery
 B - a ring of poison resistance (left hand)
Wands
 x - a wand of fireball (12)
Scrolls
 f - 4 scrolls of teleportation
 i - a scroll of magic mapping
 k - a scroll of identify
 l - 2 scrolls of recharging
 r - 3 scrolls of enchant weapon
 s - a scroll of fear
 y - a scroll of remove curse
Potions
 n - a potion of mutation {unknown}
 q - a potion of flight {unknown}
 u - 2 potions of lignification {unknown}
 v - 3 potions of heal wounds {unknown}
 w - a potion of ambrosia {unknown}
 z - a potion of resistance {unknown}
 F - a potion of berserk rage {unknown}
Books
 g - an Akashic Record

   Spells                             Type                      Level
   a - Dispersal                      Translocation                6
   b - Malign Gateway                 Summoning/Translocation      7
   c - Disjunction                    Translocation                8
   d - Controlled Blink               Translocation                8
 G - a book of Frost

   Spells                             Type                      Level
   a - Freeze                         Ice                          1
   b - Throw Frost                    Conjuration/Ice              2
   c - Ozocubu's Armour               Charms/Ice                   3
   d - Throw Icicle                   Conjuration/Ice              4
   e - Summon Ice Beast               Ice/Summoning                4
   f - Condensation Shield            Ice                          4
Comestibles
 e - 4 bread rations
 m - 5 fruits
 p - 5 slices of pizza
 C - a beef jerky
 D - a royal jelly
 E - 4 meat rations


   Skills:
 + Level 7.1 Fighting
 + Level 7.0 Long Blades
 + Level 8.6 Armour
 + Level 4.0 Dodging
 + Level 1.0 Stealth
 + Level 8.4 Shields


You had 8 spell levels left.
You didn't know any spells.

Dungeon Overview and Level Annotations

Branches:
Dungeon (8/15)             Temple (0/1) D:7
   Lair: D:8-11

Altars:
Ashenzari
Gozag
Nemelex Xobeh
Okawaru
Sif Muna
Vehumet
Xom
Yredelemnul
Beogh

Shops:
D:4 =   D:8 [


Innate Abilities, Weirdness & Mutations

You reflexively headbutt those who attack you in melee.
You have a pair of horns on your head.


Message History

You feel better. Something hits you.
* * * LOW HITPOINT WARNING * * *
Something hits you but does no damage. Something barely misses you.
Something hits you but does no damage. Something hits you but does no damage.
Something hits you but does no damage. You block its attack.
You feel like a meek peon again. Something hits you but does no damage.
Something hits you.
* * * LOW HITPOINT WARNING * * *
Something hits you.
* * * LOW HITPOINT WARNING * * *
Something hits you but does no damage.
You hear a distant slurping noise.
Drink which item? (? for menu, Esc to quit)
You feel yourself speed up. Something hits you but does no damage.
You are very lightly contaminated with residual magic.
Something hits you.
You die...

#.# #.# ####.# ##≈≈≈.###
.≈≈≈≈≈..# ########
.≈≈∩....########......##
.≈≈≈≈≈................>#
..≈≈≈...#....###.......########
######..#....# #@......##^._..#
#..#....# #.......###...##
...#....# #.......##^.^..#
###.##.#.# #.......###...##
#.##.#.# #.......####'##
#.##.#.###........###.###
#.?..............#
#.#####.......(..# #.
#..........#


There were no monsters in sight!

Vanquished Creatures
  A griffon (D:8)
  Sigmund (D:4)
  Menkaure (D:4)
  An orc warrior (D:6)
  A sky beast (D:7)
  A phantom (D:4)
  A centaur (D:7)
  A black bear (D:4)
  3 ogres
  3 giant frogs
  A scorpion (D:6)
  A crimson imp (D:7)
  4 orc priests
  A hound (D:6)
  4 orc wizards
  3 giant frog skeletons
  A centaur skeleton (D:4)
  A jelly (D:8)
  3 iguanas
  3 worker ants
  A killer bee zombie (D:4)
  A hound zombie (D:6)
  A hound skeleton (D:6)
  6 adders
  6 gnolls
  2 shadow imps (D:5)
  An ooze (D:6)
  A worm (D:4)
  2 adder skeletons
  3 giant geckos
  30 orcs
  3 ball pythons
  10 goblins
  5 hobgoblins
  7 jackals
  9 kobolds
  2 quokkas
  6 bats
  10 giant cockroaches
  A giant gecko skeleton (D:4)
  5 giant newts
  3 jackal skeletons
  A quokka skeleton (D:6)
  9 rats
  A spectral orc (D:8)
162 creatures vanquished.

Notes
Turn   | Place    | Note
--------------------------------------------------------------
     0 | D:1      | Peloso the Minotaur Fighter began the quest for the Orb.
     0 | D:1      | Reached XP level 1. HP: 19/19 MP: 0/0
   290 | D:1      | Reached XP level 2. HP: 22/27 MP: 1/1
   382 | D:1      | Found a shattered altar of Ashenzari.
   686 | D:1      | Reached skill level 4 in Fighting
   932 | D:2      | Reached XP level 3. HP: 33/33 MP: 2/2
   958 | D:2      | Found an iron altar of Okawaru.
   992 | D:2      | Became a worshipper of Warmaster Okawaru
  1311 | D:2      | Reached XP level 4. HP: 41/41 MP: 3/3
  1917 | D:3      | Reached skill level 1 in Dodging
  2216 | D:3      | Found a roughly hewn altar of Beogh.
  2225 | D:3      | Reached XP level 5. HP: 43/47 MP: 4/4
  2291 | D:4      | Found Reggyss's Jewellery Shoppe.
  2462 | D:4      | Reached * piety under Okawaru
  2462 | D:4      | Reached skill level 5 in Fighting
  2462 | D:4      | Reached skill level 5 in Shields
  2636 | D:4      | Noticed Menkaure
  2639 | D:4      | Killed Menkaure
  2639 | D:4      | Reached skill level 5 in Armour
  2639 | D:4      | Reached XP level 6. HP: 22/56 MP: 5/5
  3035 | D:4      | Noticed Sigmund
  3044 | D:4      | Killed Sigmund
  3044 | D:4      | Reached ** piety under Okawaru
  3044 | D:4      | Reached XP level 7. HP: 42/61 MP: 6/6
  3174 | D:4      | Reached skill level 5 in Long Blades
  3330 | D:4      | Noticed a phantom
  3335 | D:4      | Noticed an ogre
  3353 | D:4      | Killed an ogre
  3353 | D:4      | Reached skill level 1 in Stealth
  3353 | D:4      | Reached skill level 6 in Shields
  3426 | D:4      | Killed a phantom
  3679 | D:5      | Entered Level 5 of the Dungeon
  3882 | D:5      | Found a deep blue altar of Sif Muna.
  3888 | D:5      | Reached XP level 8. HP: 65/70 MP: 7/7
  3895 | D:5      | Found a sparkling altar of Nemelex Xobeh.
  3898 | D:5      | Found an opulent altar of Gozag.
  3901 | D:5      | Found a shattered altar of Ashenzari.
  4393 | D:6      | Reached skill level 7 in Armour
  4732 | D:6      | Found a shimmering altar of Xom.
  5595 | D:7      | Found a staircase to the Ecumenical Temple.
  5756 | D:7      | Reached *** piety under Okawaru
  5875 | D:7      | Found a radiant altar of Vehumet.
  6010 | D:7      | Noticed a cyan ugly thing
  6103 | D:7      | Reached skill level 8 in Armour
  6205 | D:7      | Reached XP level 9. HP: 63/78 MP: 8/8
  6308 | D:8      | Found Gilugg's Armour Shoppe.
  6334 | D:8      | Bought a +2 pair of boots of flying for 279 gold pieces
  6334 | D:8      | Bought a +0 pair of gloves of dexterity for 149 gold pieces
  6388 | D:8      | Found a basalt altar of Yredelemnul.
  6408 | D:8      | Noticed a griffon
  6423 | D:8      | Killed a griffon
  6647 | D:8      | Identified a scroll of acquirement
  6727 | D:8      | HP: 1/79 [something (6)]
  6731 | D:8      | Slain by an unseen horror

Action                   |  1- 3 |  4- 6 |  7- 9 || total
-------------------------+-------+-------+-------++-------
Melee: Long sword        |    79 |   137 |   315 ||   531
Invok: Heroism           |       |       |     1 ||     1
  Use: Scroll            |       |     3 |    10 ||    13
       Potion            |       |       |     5 ||     5
  Eat: Chunk             |     1 |     5 |    11 ||    17
       Beef jerky        |     1 |       |       ||     1
